 Dungeon Crawl Stone Soup version 0.32-a0-30-gefbe487952 (webtiles) character file.

Game seed: 14458774155166608297

1489 tilp the Basher (level 8, -2/68 (70) HPs)
             Began as a Grey Draconian Gladiator on Jan 19, 2024.
             Was an Initiate of Gozag.
             Slain by a wight
             ... wielding a +5 war axe of freezing
              (3 damage)
             ... on level 7 of the Dungeon.
             The game lasted 00:11:39 (6327 turns).

tilp the Basher (Grey Draconian Gladiator)          Turns: 6327, Time: 00:11:40

HP:   -2/68 (70)    AC: 14    Str: 18    XL:     8   Next: 51%
MP:   2/2           EV: 14    Int: 10    God:    Gozag
Gold: 53            SH:  0    Dex: 18    Spells: 7/7 levels left

rFire   . . .        a - +3 morningstar (antimagic)
rCold   . . .        (no shield)
rNeg    . . .        (body armour unavailable)
rPois   .            s - +0 hat
rElec   .            (no cloak)
rCorr   .            g - +1 pair of gloves
SInv    .            D - +0 pair of boots
Will    .....        F - amulet of regeneration
Stlth   ++           n - +6 ring of dexterity
HPRegen 1.11/turn    (no ring)
MPRegen 0.08/turn

%: no passive effects
@: slowed, lightly drained, very slow
A: AC +11, amphibious, unfitting armour, cold-blooded
a: Renounce Religion, Potion Petition, Call Merchant, Bribe Branch


You were on level 7 of the Dungeon.
You worshipped Gozag.
Gozag was noncommittal.
You visited 1 branch of the dungeon, and saw 7 of its levels.
You also visited: Sewer.

You collected 934 gold pieces.
You spent 870 gold pieces at shops.
You paid 11 gold pieces to Gozag.

Inventory:

Hand Weapons
 a - a +3 antimagic morningstar (weapon)
 b - a +3 mace of draining
 t - the +7 short sword of Untruth {flame, Dex+3}
   (You found it on level 3 of the Dungeon)

   Dex+3:     It affects your dexterity (+3).
 B - a +0 flail
Missiles
 c - 3 throwing nets {!f}
 d - 8 javelins
 h - 4 boomerangs (quivered)
 I - a curare-tipped dart
Armour
 g - a +1 pair of gloves (worn)
 s - a +0 hat (worn)
 D - a +0 pair of boots (worn)
Jewellery
 n - a +6 ring of dexterity (left hand)
 v - a ring of ice
 C - a ring of magical power
 F - an amulet of regeneration (around neck)
Wands
 E - a wand of digging (5)
 H - a wand of roots (1)
Scrolls
 f - a scroll of noise {unknown}
 m - a scroll of poison {unknown}
 q - 4 scrolls of teleportation {unknown}
 r - a scroll of brand weapon {unknown}
 u - 2 scrolls of vulnerability
 x - a scroll of blinking {unknown}
 y - a scroll of immolation {unknown}
 z - a scroll of torment
 A - a scroll of fear {unknown}
Potions
 e - 2 potions of attraction
 i - 2 potions of lignification
 j - a potion of mutation
 k - 2 potions of curing
 l - 2 potions of haste {unknown}
 o - a potion of cancellation {unknown}
 p - a potion of degeneration {unknown}
 w - 2 potions of berserk rage
 G - a potion of enlightenment {unknown}


   Skills:
 + Level 5.9 Fighting
 - Level 8.0 Maces & Flails
 - Level 4.0 Throwing
 - Level 4.0 Dodging
 - Level 2.0 Stealth
 + Level 0.7 Evocations


You had 7 spell levels left.
You didn't know any spells.
Your spell library contained the following spells:

 Spells                   Type           Power      Damage    Failure   Level
 Slow                     Hex            0%         N/A       36%         1
 Summon Small Mammal      Summ           0%         N/A       36%         1
 Call Canine Familiar     Summ           0%         N/A       75%         3
 Confusing Touch          Hex            0%         N/A       75%         3
 Hailstorm                Conj/Ice       0%         3d5       75%         3
 Sigil of Binding         Hex            0%         N/A       75%         3
 Summon Ice Beast         Ice/Summ       0%         N/A       75%         3
 Vampiric Draining        Necr           0%         2d6       75%         3
 Summon Blazeheart Golem  Fire/Summ      0%         N/A       98%         4
 Sculpt Simulacrum        Ice/Alch       0%         N/A       100%        6


Dungeon Overview and Level Annotations

Branches:
Dungeon (7/15)             Temple (0/1) D:4           Sewer (visited)

Altars:
Ashenzari
Gozag
Trog
Vehumet

Shops:
D:1 ?   D:5 =   D:6 =(*!(

Annotations:
D:6 5 runed translucent doors


Innate Abilities, Weirdness & Mutations

Your dull iron-grey scales are very hard. (AC +11)
You are amphibious.
You cannot fit into any form of body armour.
You are cold-blooded and may be slowed by cold attacks.


Message History

Unknown command.
The wight attacks as it pursues you!
The wight hits you with a +5 war axe of freezing!
You feel drained.
You feel yourself slow down. The wight freezes you.
You hit the wight but do no damage.
Your tail-slap misses the wight.
The orc priest shouts!
The orc priest looks braver for a moment.
The wight closely misses you.
The orc shouts!
You puncture the wight!
The wight is almost destroyed.
You feel yourself speed up. The wight misses you.
The wight hits you with a +5 war axe of freezing!
The wight freezes you. The wight barely misses you. The wight misses you.
You puncture the wight!
The wight is severely damaged.
The wight misses you.
The wight hits you with a +5 war axe of freezing.
The wight freezes you.
You hit the wight.
Your tail-slap misses the wight.
The wight is severely damaged.
The wight closely misses you.
You closely miss the wight.
You tail-slap the wight, but do no damage.
The wight is severely damaged.
The wight hits you with a +5 war axe of freezing!
You feel yourself slow down. The wight freezes you.
You hit the wight.
The wight is almost destroyed.
The orc warrior hits you with a +0 dire flail!
* * * LOW HITPOINT WARNING * * *
The wight hits you but does no damage.
The orc warrior hits you with a +0 dire flail.
* * * LOW HITPOINT WARNING * * *
The wight hits you with a +5 war axe of freezing!
* * * LOW HITPOINT WARNING * * *
The wight freezes you.
You die...
Your body crumbles into a pile of gold.

#################
#.....#.........#
#.....#.........#
.#....z#z........#
.....ozo@........+
#....oz####......#
#....o. #......#
.#..... #......#
#...!o #......#####.
####+# #..).........
#.# #............
###..####)...........
#........#########+#.


You could see an orc warrior, 4 wights, an orc priest, an orc wizard and an orc.

Vanquished Creatures
  A black bear (D:5)
  A crocodile (Sewer)
  The ghost of Nebesus the Changeling, an amateur DrSh (D:3)
  A phantom (D:5)
  A kobold brigand (D:7)
  A brain worm (Sewer)
  A bullfrog (D:6)
  3 scorpions
  2 bombardier beetles
  3 orc priests
  A hound (D:6)
  A gnoll bouda (D:6)
  2 sleepcaps (D:5)
  5 iguanas
  3 orc wizards (D:6)
  7 gnolls
  4 adders
  2 white imps (D:6)
  3 dart slugs
  2 ribbon worms (D:4)
  13 orcs
  11 endoplasms
  9 giant cockroaches
  3 goblins
  10 hobgoblins
  11 kobolds
  3 quokkas
  12 ball pythons
  15 bats
  5 frilled lizards
  4 rats
141 creatures vanquished.

Vanquished Creatures (others)
  A sky beast (D:6)
1 creature vanquished.

Grand Total: 142 creatures vanquished

Notes
Turn   | Place    | Note
-------+----------+-------------------------------------------
     0 | D:1      | tilp the Draconian Gladiator began the quest for the Orb.
     0 | D:1      | Reached XP level 1. HP: 17/17 MP: 1/1
   205 | D:1      | Reached XP level 2. HP: 24/25 MP: 2/2
   404 | D:1      | Found a faded altar of an unknown god.
   711 | D:1      | Reached XP level 3. HP: 30/30 MP: 3/3
   907 | D:1      | Found The Oracle's Delphic Readings.
  1009 | D:2      | Reached skill level 1 in Stealth
  1324 | D:2      | Reached XP level 4. HP: 27/38 MP: 4/4
  1476 | D:2      | Reached skill level 4 in Maces & Flails
  1476 | D:2      | HP: 1/38 [gnoll/+0 spear (1)]
  1733 | D:2      | Found an opulent altar of Gozag.
  1738 | D:2      | Identified the +2 chain mail of Woxtules {rC+ rN+ Will-
                  | SInv}
  1744 | D:2      | Became a worshipper of Gozag Ym Sagoz the Greedy
  2450 | D:3      | Found a runed translucent gate.
  2450 | D:3      | Found a runed translucent gate.
  2451 | D:3      | Found a runed translucent gate.
  2452 | D:3      | Noticed Nebesus's ghost (amateur DrSh)
  2802 | D:3      | Identified the +7 short sword of Untruth {flame, Dex+3}
  2936 | D:4      | Reached XP level 5. HP: 46/46 MP: 5/5
  3123 | D:4      | Reached skill level 5 in Maces & Flails
  3170 | D:4      | Found a glowing drain.
  3174 | Sewer    | Entered a sewer
  3212 | Sewer    | Reached XP level 6. HP: 29/52 MP: 1/6
  3303 | Sewer    | Reached skill level 6 in Maces & Flails
  3445 | D:4      | Found a staircase to the Ecumenical Temple.
  3568 | D:1      | Bought a scroll of vulnerability for 40 gold pieces
  3568 | D:1      | Bought a scroll of torment for 95 gold pieces
  3568 | D:1      | Bought a scroll of enchant armour for 75 gold pieces
  3756 | D:3      | Killed Nebesus's ghost
  3869 | D:4      | Identified the +0 ring mail "Dirawev" {+Blink}
  3916 | D:4      | Your scales start taking on a dull iron-grey colour.
  3916 | D:4      | Reached XP level 7. HP: 57/59 MP: 7/7
  4504 | D:5      | Entered Level 5 of the Dungeon
  4548 | D:5      | Found a radiant altar of Vehumet.
  4643 | D:5      | Reached skill level 7 in Maces & Flails
  4769 | D:5      | Found Naserr's Jewellery Boutique.
  4884 | D:5      | Found a broken altar of Ashenzari.
  4998 | D:5      | Reached skill level 5 in Fighting
  5125 | D:5      | Reached XP level 8. HP: 65/68 MP: 8/8
  5296 | D:5      | Bought an amulet of regeneration for 390 gold pieces
  5316 | D:6      | Found Usyopeh's Antique Weapon Shop.
  5325 | D:6      | Found Berybycs's Distillery.
  5335 | D:6      | Bought a potion of curing for 39 gold pieces
  5392 | D:6      | HP: 2/68 [burnt (6)]
  5464 | D:6      | Found Lutiklui's Weapon Shop.
  5574 | D:6      | Found a runed translucent gate.
  5576 | D:6      | Found a runed translucent gate.
  5576 | D:6      | Found a runed translucent gate.
  5583 | D:6      | Found a runed translucent door.
  5590 | D:6      | Found the +9 staff of Olgreb {rPois∞}
  5597 | D:6      | Found a runed translucent door.
  5740 | D:6      | Found Makk's Assorted Antiques.
  5764 | D:6      | Found a bloodstained altar of Trog.
  5848 | D:6      | Found Vaunuvimeor's Jewellery Shoppe.
  5870 | D:6      | Reached skill level 8 in Maces & Flails
  6070 | D:6      | Bought a glowing morningstar for 147 gold pieces
  6171 | D:6      | Bought a tapered bone wand for 84 gold pieces
  6327 | D:7      | HP: 1/68 [wight/+5 war axe of freezing (12)]
  6327 | D:7      | Slain by a wight

Illustrated notes

Levels and vault maps discovered:
D:1:      minmay_arrival_doors, layout_basic, ebering_ecumenical_altar_hall,
          minivault_26, minmay_misc_feat_tiny, grunt_decor_arrowhead,
          nicolae_nh_oracle_at_delphi
D:2:      layout_basic, basic_altar, minmay_diced_spiral
D:3:      layout_loops_ring, gammafunk_ghost_split
D:4:      layout_basic, minmay_temple_entry_purple_smoke,
          mainiacjoe_sewer_entry_somewhere_in_here_2, roderic_lattice_a
D:5:      layout_loops_cross, ashenzari_conservatory_becter,
          kennysheep_mini_moat, serial_shops, nicolae_shop_rolling_square,
          minmay_stone_trees_medium
D:6:      layout_basic, trog_book, serial_shops, shop, kennysheep_little_box,
          nicolae_shop_bloodbath_and_beyond, nicolae_shop_tiny_waterfront,
          nicolae_shop_back_alley_shop, minmay_guarded_unrand_staff_of_olgreb
D:7:      layout_basic, uniq_pikel

Skill      XL: |  1  2  3  4  5  6  7  8 |
---------------+-------------------------+-----
Throwing       | 2 3 4 |  4.0
Fighting       | 3 4 5 |  5.9
Dodging        | 3 4 |  4.0
Stealth        | 1 2 |  2.0
Maces & Flails | 4 5 6 7 8 |  8.0
Evocations     | |  0.7

Action                     |  1- 3 |  4- 6 |  7- 9 || total
---------------------------+-------+-------+-------++-------
  Melee: Flail             |   100 |    60 |       ||   160
         Tailslap          |    13 |    15 |    27 ||    55
         Punch             |     1 |     2 |     5 ||     8
         Mace              |       |    95 |   140 ||   235
         Morningstar       |       |       |    25 ||    25
  Throw: Throwing net      |       |     1 |       ||     1
    Use: Scroll            |     3 |       |     2 ||     5
         Potion            |       |     1 |     1 ||     2
   Stab: Sleeping          |     5 |     6 |     7 ||    18
         Distracted        |       |     2 |       ||     2
         Held in net/web   |       |     1 |       ||     1
 Armour: Skin              |    64 |    74 |    99 ||   237
  Dodge: Dodged            |    61 |   105 |    87 ||   253

Table legend: (Time is in decaauts)
 A = Elapsed time spent in this place.
 B = Non-inter-level travel time spent in this place.
 C = Inter-level travel time spent in this place.
 D = Time resting spent in this place.
 E = Time spent auto-exploring this place.
 F = Levels seen in this place.
 G = Mean time per level.
                   A        B        C        D        E       F      G
               +--------+--------+--------+--------+--------+-----+--------+
         Total |   6406 |   5624 |    782 |     88 |   4264 |   8 |  800.8 |
       Dungeon |   6223 |   5441 |    782 |     10 |   4221 |   7 |  889.0 |
         Sewer |    182 |    182 |      0 |     78 |     43 |   1 |  182.0 |
               +--------+--------+--------+--------+--------+-----+--------+

Top non-repeatable levels by time:
     D:2: 1351 daAuts
     D:4: 1130 daAuts
     D:1: 1046 daAuts
     D:6: 938 daAuts
     D:3: 864 daAuts
     D:5: 815 daAuts
   Sewer: 182 daAuts
     D:7: 78 daAuts
